Euphox, chaotic male human Wizard ------------- |.....`.....| |...........| ---------- |...........| ##.........| ##............| # |........| # |...........| ### |........| # |....<......|#########.........| # ------.------# #0# |........| # ########## # |........| # # # # --|----.-- # ##0 ### # # # # # # # # ### ### # # # # # # # ---.----# # |..._...# ##########..^r...| -------- Euphox the Conjurer Experience level: 4 Strength: 6 Dexterity: 13 Constitution: 15 Intelligence: 17 Wisdom: 14 Charisma: 8 Health: 34(34) Energy: 18(28) AC: 10 Gold: 55 Moves: 1340 Your Inventory: Coins $ - 55 gold pieces Comestibles o - an [uncursed] fortune cookie u - 2 cursed lichen corpses Scrolls i - a cursed scroll of gold detection j - 2 uncursed scrolls of identify n - a cursed scroll labeled PHOL ENDE WODAN [of remove curse] s - a [blessed] scroll labeled PHOL ENDE WODAN [of remove curse] v - a [blessed] scroll labeled AQUE BRAGH [of fire] w - an [uncursed] scroll labeled ZELGO MER [of enchant weapon] Spellbooks k - a blessed spellbook of force bolt l - an uncursed spellbook of magic missile Potions f - an uncursed potion of enlightenment g - a blessed potion of enlightenment h - a cursed potion of confusion m - an [uncursed] amber potion [of gain ability] p - a cursed indigo potion [of sickness] Rings d - a blessed +1 ring of gain constitution (on right hand) e - an uncursed ring of regeneration t - an [uncursed] porcelain ring [of conflict] Gems r - a cursed white gem [worthless glass] Spells known in the end: Name Level Category Fail Memory a - force bolt 1 attack 0% [||||||||] b - magic missile 2 attack 0% [||||||||] Your skills at the end: Fighting Skills Weapon Skills quarterstaff [Basic / Expert] Spellcasting Skills attack spells [Basic / Expert] enchantment spells [Basic / Skilled] Final Attributes: You were devoutly aligned. Hunger level was 602. Your alignment was 16 / 16. Monster difficulty range was 0 - 4. Level difficulty was 4. You were punished. You were invisible. You aggravated monsters. You were a wererat. You were extremely unlucky (-10). Anhur was very angry with you (4). You are dead. Vanquished creatures: a wererat 2 manes a large kobold 3 giant rats a gnome a gecko 8 jackals 3 sewer rats 2 grid bugs 2 lichens 2 newts 26 creatures vanquished. Voluntary challenges: You used a wielded weapon 19 times. You read items or engraved 1 time. You put on armor 1 time. You never genocided any monsters. You never polymorphed an object. You changed form 1 time. You used no wishes. You never wrote Elbereth's name. You never encountered a bones level. You never used any Sokoban shortcuts. Dungeon overview: The Dungeons of Doom: levels 1 to 4 Level 1 a long staircase Level 2 an armor shop Level 3 stairs to The Gnomish Mines Level 4 <- You were here The Gnomish Mines: Level 4 stairs to The Dungeons of Doom History has recorded: On T:1 you entered the Dungeons of Doom to retrieve the Amulet of Yendor! On T:477 you reached level 2 of The Dungeons of Doom. On T:481 you advanced to experience level 2. On T:738 you reached level 3 of The Dungeons of Doom. On T:901 you advanced to experience level 3. On T:996 you reached level 1 of The Gnomish Mines. On T:1031 you reached level 4 of The Dungeons of Doom. On T:1185 you advanced to experience level 4. Latest messages: You begin praying to Anhur. You finish your prayer. The voice of Anhur rings out: "Thou hast angered me." You are being punished for your misbehavior! [3 turns] You collapse under your load. You begin praying to Anhur. You finish your prayer. The voice of Anhur rings out: "Thou art arrogant, creature." "Thou must relearn thy lessons!" You feel foolish! [3 turns] You begin praying to Anhur. You finish your prayer. The voice of Anhur thunders: "Thou hast angered me." Suddenly, a bolt of lightning strikes you! Your wand of make invisible breaks apart and explodes! Your wand of speed monster breaks apart and explodes! You return to human form! Your movements are now unencumbered. You fry to a crisp. Final status: Goodbye Euphox the Wizard... You died in The Dungeons of Doom on dungeon level 4 with 522 points, and 55 pieces of gold, after 1340 moves. You were level 4 with a maximum of 34 hit points when you died.